 Dungeon Crawl Stone Soup version 0.26.0-10-g1f06aea511 (webtiles) character file.

Game seed: 14383241774663318455

2282 trckry the Grappler (level 9, -20/64 HPs)
             Began as a Pale Draconian Transmuter on Jan 13, 2021.
             Was a Priest of Wu Jian.
             Killed from afar by a deep elf mage (31 damage)
             ... with a bolt of lightning
             ... on level 7 of the Dungeon.
             The game lasted 00:21:13 (5242 turns).

trckry the Grappler (Pale Draconian Transmuter)     Turns: 5242, Time: 00:21:13

Health: -20/64     AC: 10    Str: 12    XL:     9   Next: 16%
Magic:  12/12      EV: 12    Int: 18    God:    Wu Jian [***...]
Gold:   184        SH:  0    Dex: 11    Spells: 11/12 levels left

rFire    . . .     SeeInvis .     - Unarmed
rCold    . . .     Faith    .   (no shield)
rNeg     . . .     Spirit   .   (armour unavailable)
rPois    .         Reflect  .   (helmet currently unavailable)
rElec    .         Harm     .   k - +0 cloak
rCorr    .         Rampage  .   j - +1 pair of gloves
Will     .....                  (boots currently unavailable)
Stlth    ++........             b - amulet of regeneration
HPRegen  0.60/turn              (no ring)
MPRegen  0.13/turn              (no ring)

@: short of breath, appendages, flying
A: breathe steam, unfitting armour, big wings, horns 2, talons 2, camouflage 1,
cold-blooded, AC +7
a: Breathe Steam, Stop Flying, End Transformation, Renounce Religion, Wall Jump,
Serpent's Lash


You were on level 7 of the Dungeon.
You worshipped Wu Jian.
Wu Jian was most pleased with you.
You had grown temporary horns.
You had grown temporary talons.
You visited 2 branches of the dungeon, and saw 8 of its levels.
You also visited: Sewer.

You collected 388 gold pieces.
You spent 204 gold pieces at shops.

Inventory:

Missiles
 h - 10 poisoned darts (quivered)
 o - 2 throwing nets
Armour
 j - a +1 pair of gloves (worn)
 k - a +0 cloak (worn)
Magical Staves
 r - an uncursed staff of conjuration {unknown}
Jewellery
 b - an amulet of regeneration (around neck)
 q - a +4 ring of protection {unknown}
Wands
 n - a wand of polymorph (6)
Scrolls
 c - 11 scrolls of identify
 d - 3 scrolls of remove curse
 l - a scroll of fear {unknown}
 s - a scroll of teleportation
 u - a scroll of magic mapping
 v - a scroll of enchant weapon {unknown}
 w - a scroll of immolation {unknown}
Potions
 a - a potion of brilliance {unknown}
 e - 3 potions of curing
 f - 5 potions of attraction
 g - a potion of might
 i - 4 potions of heal wounds
 m - 2 potions of haste
 p - 2 potions of flight
 t - a potion of berserk rage


   Skills:
 - Level 1.1 Fighting
 - Level 1.7 Dodging
 * Level 8.5 Unarmed Combat
 - Level 2.0 Spellcasting
 * Level 8.2 Transmutations
 + Level 5.2 Evocations


You had 11 spell levels left.
You knew the following spells:

 Your Spells              Type           Power        Failure   Level
a - Beastly Appendage     Tmut           62%          1%          1

Your spell library contained the following spells:

 Spells                   Type           Power        Failure   Level
 Wereblood                Tmut           31%          1%          2
 Spider Form              Tmut/Pois      8%           10%         3
 Blade Hands              Tmut           15%          17%         5
 Ice Form                 Ice/Tmut       16%          32%         4


Dungeon Overview and Level Annotations

Branches:
Dungeon (7/15)             Temple (1/1) D:5           Sewer (visited)

Altars:
Ashenzari
Cheibriados
Dithmenos
Fedhas
Gozag
Hepliaklqana
Kikubaaqudgha
Makhleb
Nemelex Xobeh
Okawaru
Qazlal
Ru
Sif Muna
Trog
Uskayaw
Vehumet
Wu Jian
Xom
Zin

Shops:
D:6 (?[**


Innate Abilities, Weirdness & Mutations

You can breathe blasts of scalding, opaque steam.
Your pale cyan-grey scales are hard. (AC +7)
You cannot fit into any form of body armour.
You are cold-blooded and may be slowed by cold attacks.
Your large and strong wings let you fly indefinitely.
You have a pair of horns on your head.
You have razor-sharp toenails.
Your skin changes colour to match your surroundings (Stealth+).


Message History

You claw Maggie, but do no damage. You headbutt Maggie.
Maggie is almost dead.
Maggie hits you with a +0 vorpal glaive.
* * * LOW HITPOINT WARNING * * *
x2 You spin and attack Maggie.
You hit Maggie but do no damage. You claw Maggie.
Maggie is almost dead.
You spin and attack Maggie.
You barely miss Maggie. Your kick misses Maggie. You headbutt Maggie.
Maggie is almost dead.
Maggie misses you.
The deep elf mage gestures wildly while chanting.
The deep elf mage blinks!
You hit Maggie. You claw Maggie.
You are no longer entranced.
You kill Maggie!
The Council accepts your kill.
Your Transmutations skill increases to level 8!
The deep elf mage points at you and mumbles some strange words.
The bolt of lightning hits you!!
You die...

#.......#
#.......#####
#............
#............
#............
#............
#......##+######
#..<...'.......#
#......#.@.....#
#......#..)....#
#......#.......#
+......#......e#
#......#########
########


You could see a deep elf mage.

Vanquished Creatures
  Pikel (D:5)
  Maggie (D:7)
  Sigmund (D:5)
  Menkaure (D:5)
  Purgy (Sewer)
  An orc warrior (D:6)
  2 sky beasts
  3 lemures (D:5)
  A wyvern skeleton (D:7)
  A howler monkey (D:4)
  2 hounds
  A jelly (D:7)
  2 orc wizards
  A centaur skeleton (D:5)
  2 iguanas
  Ijyb (D:3)
  10 worker ants
  A killer bee zombie (D:4)
  A hound zombie (D:3)
  A hound skeleton (D:6)
  A howler monkey zombie (D:3)
  2 worker ant zombies
  4 gnolls (D:5)
  An adder (D:5)
  3 ufetubi
  2 oozes (D:3)
  2 adder skeletons
  An adder zombie (D:6)
  2 worms (D:3)
  2 dart slugs
  6 leopard geckos
  14 orcs
  3 ball pythons
  10 bats
  6 giant cockroaches
  7 goblins
  3 hobgoblins
  9 jackals
  8 kobolds
  4 quokkas
  5 frilled lizards
  A giant cockroach zombie (D:3)
  A jackal zombie (D:3)
  A leopard gecko skeleton (D:3)
  10 rats
143 creatures vanquished.

Vanquished Creatures (others)
  A plant (D:7)
1 creature vanquished.

Grand Total: 144 creatures vanquished

Notes
Turn   | Place    | Note
-------+----------+-------------------------------------------
     0 | D:1      | trckry the Draconian Transmuter began the quest for the
                  | Orb.
     0 | D:1      | Reached XP level 1. HP: 16/16 MP: 3/3
   150 | D:1      | Reached XP level 2. HP: 16/23 MP: 3/5
   565 | D:1      | Reached XP level 3. HP: 28/28 MP: 6/6
   852 | D:2      | Found a faded altar of an unknown god.
   873 | D:2      | Became a worshipper of the Wu Jian Council
   873 | D:2      | Reached * piety under Wu Jian
   912 | D:2      | Found a shadowy altar of Dithmenos.
  1312 | D:3      | Found a sacrificial altar of Ru.
  1329 | D:3      | Reached XP level 4. HP: 30/35 MP: 7/7
  1497 | D:3      | Found an ancient bone altar of Kikubaaqudgha.
  1567 | D:3      | Noticed Ijyb
  1588 | D:3      | Killed Ijyb
  1656 | D:3      | Reached XP level 5. HP: 17/40 MP: 8/8
  1713 | D:3      | Reached ** piety under Wu Jian
  1724 | D:3      | Found a shimmering altar of Xom.
  2068 | D:3      | Reached skill level 1 in Evocations
  2409 | D:4      | Reached skill level 5 in Unarmed Combat
  2453 | D:4      | Found a broken altar of Ashenzari.
  2641 | D:4      | Reached XP level 6. HP: 40/47 MP: 7/9
  3152 | D:4      | Gained mutation: Your skin changes colour to match your
                  | surroundings (Stealth+). [potion of mutation]
  3152 | D:4      | Gained mutation: Your large and strong wings let you fly
                  | indefinitely. [potion of mutation]
  3276 | D:5      | Entered Level 5 of the Dungeon
  3297 | D:5      | Noticed Menkaure
  3387 | D:5      | Reached skill level 5 in Transmutations
  3460 | D:5      | Noticed a sky beast
  3488 | D:5      | Your scales start taking on a pale cyan-grey colour.
  3488 | D:5      | Reached XP level 7. HP: 46/52 MP: 8/10
  3539 | D:5      | Found a staircase to the Ecumenical Temple.
  3591 | D:5      | Noticed Pikel
  3640 | D:5      | Killed Pikel
  3641 | D:5      | Reached XP level 8. HP: 56/59 MP: 11/11
  3667 | D:5      | Found a glowing drain.
  3691 | Sewer    | Entered a sewer
  3722 | Sewer    | Noticed Purgy
  3732 | Sewer    | Killed Purgy
  3732 | Sewer    | Reached *** piety under Wu Jian
  3889 | D:5      | Noticed Sigmund
  3906 | D:5      | Killed Sigmund
  4007 | D:5      | Killed Menkaure
  4112 | Temple   | Entered the Ecumenical Temple
  4638 | D:6      | Found Gilapeiv's General Store.
  4645 | D:6      | Bought 2 potions of heal wounds for 130 gold pieces
  4645 | D:6      | Bought a scroll of teleportation for 39 gold pieces
  4688 | D:6      | Found Patabuol's Antique Armour Emporium.
  4693 | D:6      | Found Yvuvunela's Magic Scroll Shop.
  4707 | D:6      | Bought a scroll of magic mapping for 35 gold pieces
  4731 | D:6      | Found Odainogi's Assorted Antiques.
  4822 | D:6      | Found a radiant altar of Vehumet.
  4867 | D:6      | Found Hileut's Weapon Shop.
  4899 | D:6      | Found an opulent altar of Gozag.
  4900 | D:6      | Found a sparkling altar of Nemelex Xobeh.
  4949 | D:6      | Found a bloodstained altar of Trog.
  5213 | D:7      | Reached XP level 9. HP: 56/64 MP: 10/12
  5220 | D:7      | Reached skill level 5 in Evocations
  5222 | D:7      | Noticed a deep elf mage
  5222 | D:7      | Noticed Maggie
  5241 | D:7      | Killed Maggie
  5242 | D:7      | Killed from afar by a deep elf mage

Illustrated notes

Levels and vault maps discovered:
D:1:      dpeg_arrival_rooms_with_view, layout_basic
D:2:      layout_rooms, serial_glass, glass_columns_b, glass_columns_a,
          glass_columns_c, glass_columns_b, glass_columns_c, glass_columns_a,
          chequers_ecumenical_altar_simple,
          hangedman_abyss_or_decor_lesser_grid, chequers_serial_rivers_micro_e,
          grunt_dithmenos_smoke_and_mirrors
D:3:      layout_loops_corners, lemuel_round_altar,
          nicolae_ru_great_annihilating_truth, overflow_temple_1_default,
          serial_undead, serial_undead_a, serial_undead_f, serial_undead_a,
          serial_undead_f, uniq_ijyb
D:4:      layout_cave_pods, amcnicky_altar_gilded
D:5:      layout_rooms, minmay_temple_entry_fiery, portal_sewer_entry_f,
          uniq_sigmund, uniq_menkaure, uniq_pikel
D:6:      layout_rooms, grunt_temple_overflow_opulence, basic_altar,
          serial_shops, shop, nicolae_shop_statue_plus, nicolae_shop_crystal,
          nicolae_shop_crystal, shop, kennysheep_donut, trog_butcher_becter
D:7:      layout_gridville, serial_shops, nicolae_shop_waterfront,
          serial_bayou_lake_a, uniq_joseph, uniq_maggie
Temple:   eino_temple_water

Skill      XL: |  1  2  3  4  5  6  7  8  9 |
---------------+----------------------------+-----
Transmutations | 3 4 5 6 7 8 |  8.2
Unarmed Combat | 4 5 7 8 |  8.5
Evocations     | 1 2 3 4 5 |  5.2
Fighting       | |  1.1
Dodging        | |  1.7
Spellcasting   | |  2.0

Action                   |  1- 3 |  4- 6 |  7- 9 || total
-------------------------+-------+-------+-------++-------
Melee: Unarmed           |   125 |   239 |   153 ||   517
       Kick              |    17 |    31 |    31 ||    79
       Tailslap          |    11 |    28 |    11 ||    50
       Headbutt          |    10 |    26 |    14 ||    50
       Punch             |     1 |     3 |     2 ||     6
Throw: Dart              |       |       |     4 ||     4
 Cast: Beastly Appendage |    14 |    20 |    14 ||    48
Invok: Lunge             |     3 |    25 |     9 ||    37
       Whirlwind         |     3 |    10 |    19 ||    32
 Abil: Fly               |       |     1 |       ||     1
       Breathe Steam     |       |       |    10 ||    10
       Wall Jump         |       |       |     1 ||     1
  Use: Potion            |       |     8 |       ||     8
       Scroll            |       |     5 |       ||     5
 Stab: Paralysed         |       |     1 |       ||     1
       Sleeping          |       |     1 |     3 ||     4
Armor: Skin              |    43 |    62 |    55 ||   160
Dodge: Dodged            |    94 |   136 |    85 ||   315
